 Dungeon Crawl Stone Soup version 0.23.2-1-ga50397a (webtiles) character file.

Game seed: 14296624457129505705

88075 Fang the Warrior (level 15, -11/103 HPs)
             Began as a Gargoyle Berserker on Apr 15, 2019.
             Was a High Priest of Trog.
             Killed from afar by Frances (54 damage)
             ... with an iron shot
             ... on level 13 of the Dungeon on Apr 16, 2019.
             The game lasted 00:24:20 (20868 turns).

Fang the Warrior (Gargoyle Berserker)              Turns: 20868, Time: 00:24:21

Health: -11/103    AC: 35    Str: 32    XL:     15   Next: 92%
Magic:  15/15      EV: 16    Int:  9    God:    Trog [*****.]
Gold:   1412       SH:  0    Dex: 15    Spells: 14/14 levels left

rFire    + . .     SeeInvis .   a - +9 battleaxe (freeze)
rCold    . . .     Gourm    .   (shield currently unavailable)
rNeg     + + +     Faith    .   f - +2 plate armour {rF+}
rPois    ∞         Spirit   .   (no helmet)
rElec    +         Reflect  .   (no cloak)
rCorr    +         Harm     .   g - +2 pair of gloves "Rijuppuaq" {rN+}
MR       +....                  w - +5 pair of boots "Paoczec" {rC- rCorr Str+6}
Stlth    ..........             (no amulet)
HPRegen  0.00/turn              z - ring of protection from cold
MPRegen  0.14/turn              e - ring of Cudekhuq {rN+ Dex+6}

@: flying
A: big wings, deformed body, negative energy resistance 1, screaming 1,
electricity resistance, inhibited regeneration, unbreathing, petrification
resistance, rot immunity, AC +11
a: Stop Flying, Berserk, Trog's Hand, Brothers in Arms, Renounce Religion


You were on level 13 of the Dungeon.
You worshipped Trog.
Trog was extremely pleased with you.
You were very hungry.

You visited 6 branches of the dungeon, and saw 24 of its levels.
You visited the Abyss 1 time.

You collected 1412 gold pieces.

Inventory:

Hand Weapons
 a - a +9 battleaxe of freezing (weapon)
 D - a +4 antimagic executioner's axe
 I - a +1 battleaxe of venom
Armour
 f - a +2 plate armour of fire resistance (worn)
 g - the +2 pair of gloves "Rijuppuaq" (worn) {rN+}
   (You found it on level 10 of the Dungeon)

   It protects you from negative energy.
 w - the +5 pair of boots "Paoczec" (worn) {rC- rCorr Str+6}
   (You found it on level 10 of the Dungeon)

   It affects your strength (+6).
   It makes you vulnerable to cold.
   It provides partial protection from all sources of acid and corrosion.
 A - the +1 scale mail of Compaor {MR++ Regen+}
   (You found it on level 15 of the Dungeon)

   It affects your resistance to hostile enchantments.
   It increases your rate of regeneration.
Jewellery
 e - the ring of Cudekhuq (right hand) {rN+ Dex+6}
   (You found it on level 8 of the Dungeon)

   [ring of positive energy]

   It affects your dexterity (+6).
   It protects you from negative energy.
 y - a +3 ring of evasion
 z - a ring of protection from cold (left hand)
 C - an uncursed ring of protection from magic
Wands
 q - a wand of flame (18)
 s - a wand of polymorph (6)
 B - a wand of clouds (11)
 F - a wand of enslavement (12)
 H - a wand of digging (6)
Scrolls
 b - a scroll of identify
 j - 4 scrolls of fear
 m - 16 scrolls of remove curse
 n - 10 scrolls of teleportation
 u - 5 scrolls of magic mapping
 G - 2 scrolls of blinking
Potions
 d - 6 potions of curing
 h - 4 potions of ambrosia
 i - 3 potions of mutation
 k - 2 potions of invisibility
 l - a potion of brilliance
 o - 3 potions of heal wounds
 p - 4 potions of cancellation
 r - 2 potions of magic
 t - a potion of haste
 v - 4 potions of might
 x - 2 potions of berserk rage
 E - a potion of agility
Comestibles
 c - 37 rations


   Skills:
 + Level 15.1 Fighting
 + Level 13.0 Axes
 + Level 15.0 Armour
 + Level 11.9 Dodging


You had 14 spell levels left.
You didn't know any spells.
Your spell library was empty.

Dungeon Overview and Level Annotations

Branches:
Dungeon (15/15)            Temple (1/1) D:5            Lair (6/6) D:8
  Swamp (1/4) Lair:3       Spider (0/4) Lair:4        Slime (0/5) Lair:6
    Orc (1/2) D:10         Vaults (0/5) D:14         Depths (0/5) D:15
   Hell (1/1)
    Dis: Hell:1         Geh: Hell:1         Coc: Hell:1         Tar: Hell:1

Altars:
Dithmenos
Fedhas
Hepliaklqana
Makhleb
Ru
Trog
Xom
Yredelemnul
Beogh

Shops:
D:4 [

Portals:
Hell: Lair:6
Trove: D:10 (give 7 potions of haste)

Annotations:
D:13 Frances
Lair:1 exclusion: 4 oklob plants
Hell Geryon


Innate Abilities, Weirdness & Mutations

You are resistant to torment.
Your stone body is resilient. (AC +11)
You are immune to poison.
Your large and strong wings let you fly indefinitely.
You resist negative energy. (rN+)
You are resistant to electric shocks. (rElec)
You can survive without breathing.
You are immune to petrification.
You are immune to rotting.
Armour fits poorly on your strangely shaped body.
You occasionally shout uncontrollably at your foes.
You do not regenerate when monsters are visible.


Message History

You are too injured to fight recklessly!
You are too injured to fight recklessly!
You are too injured to fight recklessly!
You are too injured to fight recklessly!
You are too injured to fight recklessly!
You are too injured to fight recklessly!
You are too injured to fight recklessly!
You are too injured to fight recklessly!
You are too injured to fight recklessly!
You are too injured to fight recklessly!
You are too injured to fight recklessly!
You are too injured to fight recklessly!
You are too injured to fight recklessly!
You are too injured to fight recklessly!
You feel much better.
Frances says, "I value strength and power.
I see none of this in you."
Frances mutters in a terrible tongue.
The iron shot hits you!!!
Ouch! That really hurt!
You die...

####.......###.#
..........>....#
######.########
#.# #.# #.# #.#
..#####.######
..........(@§#
...#########@#


ccc ###c# .# c# . You could see Frances, a centaur warrior and 4 centaurs.

Vanquished Creatures
  Nessos (Lair:4)
  3 hydras
  3 centaur warriors
  3 two-headed ogres
  2 tengu warriors (D:14)
  5 death yaks
  Urug (D:11)
  A sun demon (Lair:6)
  A fire crab (Lair:5)
  2 wretched stars
  A fire crab (shapeshifter) (D:14)
  2 skeletal warriors (D:15)
  An unseen horror (D:10)
  4 wizards
  A flayed ghost (D:15)
  4 orc knights (D:15)
  3 deep elf magi
  A necromancer (D:15)
  18 ugly things
  A shining eye (Abyss:2)
  A tengu skeleton (D:15)
  4 cyclopes
  5 centaur zombies
  7 black mambas
  7 elephants
  A smoke demon (Abyss:2)
  A gargoyle (D:15)
  2 torpor snails
  4 centaur skeletons
  10 spiny frogs
  6 rime drakes
  An efreet (D:15)
  17 komodo dragons
  5 yaktaurs (D:15)
  A tengu conjurer (D:14)
  An ancient zyme (Abyss:2)
  2 guardian mummies (D:10)
  2 polar bears
  6 trolls
  6 meliai
  2 hornets (D:10)
  A blink frog (shapeshifter) (D:14)
  5 raiju (Abyss:2)
  6 slime creatures
  13 blink frogs
  2 ettin zombies (D:15)
  10 hippogriffs
  2 shadows
  8 dream sheep
  Sigmund (D:3)
  2 water elementals (D:15)
  2 vampires
  2 wyverns (Lair:3)
  A wraith (D:10)
  34 yaks
  2 basilisks
  A hungry ghost (D:9)
  The ghost of cheese the Ducker, an amateur DsMo of Makhleb (D:5)
  A hog (shapeshifter) (D:14)
  Menkaure (D:6)
  4 wargs (D:15)
  6 soldier ants
  A tengu zombie (D:15)
  8 porcupines
  23 water moccasins
  2 hell hounds (Lair:6)
  15 orc warriors
  3 ice beasts
  2 sky beasts (D:10)
  A necrophage (D:11)
  An eye of draining (D:11)
  8 ogres
  10 centaurs
  9 wolves
  A phantom (D:8)
  16 crocodiles
  3 big kobolds
  A wyvern zombie (D:13)
  19 bullfrogs
  3 gnoll sergeants (D:10)
  3 scorpions
  A hornet simulacrum (D:14)
  24 killer bees
  14 wights
  An electric eel (Lair:3)
  4 crimson imps
  3 bullfrog zombies
  3 jellies
  2 quasits
  3 hounds
  5 orc priests
  A gnoll shaman (D:8)
  17 orc wizards
  2 bullfrog skeletons (D:9)
  Natasha (thrice) (D:3)
  Terence (D:3)
  3 iguanas
  6 worker ants
  2 killer bee zombies
  A hound skeleton (D:5)
  2 worker ant zombies
  12 adders
  13 gnolls
  5 shadow imps
  5 oozes
  2 adder skeletons
  3 worms
  2 dart slugs (D:2)
  6 leopard geckos
  54 orcs
  8 bats
  7 giant cockroaches
  7 goblins
  9 hobgoblins
  13 jackals
  3 quokkas
  A ball python (D:2)
  5 frilled lizards
  A jackal skeleton (D:4)
  12 kobolds
  A leopard gecko skeleton (D:5)
  A quokka zombie (D:6)
  8 rats
  A rat zombie (D:6)
  A bush (D:15)
  A fungus (Lair:6)
  6 plants
  A withered plant (D:15)
669 creatures vanquished.

Vanquished Creatures (collateral kills)
  3 hydras
  A death yak (Lair:2)
  A smoke demon (Lair:6)
  An orange demon (Lair:6)
  3 ice devils (Lair:6)
  A red devil (Lair:6)
  A yak (Lair:5)
  A hell hound (Lair:6)
  A water moccasin (Lair:2)
13 creatures vanquished.

Vanquished Creatures (others)
  A troll (D:14)
  A crocodile (Lair:5)
  A bush (D:15)
  10 fungi
  3 plants
16 creatures vanquished.

Grand Total: 698 creatures vanquished

Notes
Turn   | Place    | Note
-------+----------+-------------------------------------------
     0 | D:1      | Fang the Gargoyle Berserker began the quest for the Orb.
     0 | D:1      | Reached XP level 1. HP: 14/14 MP: 1/1
    36 | D:1      | Reached XP level 2. HP: 15/19 MP: 2/2
   291 | D:1      | Reached XP level 3. HP: 17/23 MP: 3/3
   481 | D:1      | You fall through a shaft!
   497 | D:2      | Reached ** piety under Trog
   503 | D:2      | Reached XP level 4. HP: 20/29 MP: 4/4
  1180 | D:3      | Noticed Natasha
  1187 | D:3      | Killed Natasha
  1378 | D:3      | Reached XP level 5. HP: 17/33 MP: 5/5
  1539 | D:3      | Noticed Natasha
  1543 | D:3      | Killed Natasha
  1547 | D:3      | Noticed Sigmund
  1557 | D:3      | Killed Sigmund
  1557 | D:3      | Reached XP level 6. HP: 34/39 MP: 6/6
  1656 | D:3      | Noticed Terence
  1670 | D:3      | Killed Terence
  1757 | D:3      | Noticed Natasha
  1766 | D:3      | Killed Natasha
  1848 | D:3      | Found a bloodstained altar of Trog.
  2107 | D:4      | Reached skill level 5 in Fighting
  2134 | D:4      | Found a burning altar of Makhleb.
  2162 | D:4      | Found Jowkyo's Antique Armour Boutique.
  2228 | D:4      | Found a shadowy altar of Dithmenos.
  2250 | D:4      | Reached XP level 7. HP: 39/44 MP: 7/7
  2428 | D:4      | Reached *** piety under Trog
  2795 | D:4      | Reached skill level 5 in Armour
  2998 | D:5      | Entered Level 5 of the Dungeon
  2998 | D:5      | Found a runed translucent door.
  2998 | D:5      | Noticed cheese's ghost (amateur DsMo)
  3002 | D:5      | Reached XP level 8. HP: 50/51 MP: 8/8
  3054 | D:5      | Killed cheese's ghost
  3054 | D:5      | Reached skill level 5 in Axes
  3121 | D:5      | Found a bloodstained altar of Trog.
  3269 | D:5      | Found a staircase to the Ecumenical Temple.
  3287 | Temple   | Entered the Ecumenical Temple
  3687 | D:6      | You fall through a shaft for 3 floors!
  3924 | D:9      | Noticed a troll
  3943 | D:9      | Killed a troll
  3943 | D:9      | Reached XP level 9. HP: 7/57 MP: 9/9
  4292 | D:9      | Reached skill level 5 in Dodging
  4404 | D:9      | HP: 4/85 [yak (9)]
  4408 | D:9      | HP: 1/88 [yak (2)]
  4849 | D:9      | Reached XP level 10. HP: 64/64 MP: 10/10
  5139 | D:9      | Found a sacrificial altar of Ru.
  5157 | D:9      | Reached **** piety under Trog
  5324 | D:9      | Paralysed by fainting for 7 turns
  5476 | D:8      | Got a wavering iron ring
  5481 | D:8      | Identified the ring of Cudekhuq {rN+ Dex+6} (You found it
                  | on level 8 of the Dungeon)
  5587 | D:8      | Found a staircase to the Lair.
  6107 | D:8      | Received a gift from Trog
  6824 | D:7      | Found the +9 staff of Olgreb {rPois}
  6870 | D:7      | Found a basalt altar of Yredelemnul.
  6886 | D:7      | Found a runed translucent gate.
  6886 | D:7      | Found a runed translucent gate.
  6887 | D:7      | Found a runed translucent door.
  6977 | D:7      | Found a runed translucent door.
  6980 | D:7      | Found a runed translucent gate.
  7023 | D:7      | Reached XP level 11. HP: 51/71 MP: 11/11
  7120 | D:7      | Reached ***** piety under Trog
  7578 | D:7      | Found a hazy altar of Hepliaklqana.
  7843 | D:6      | Noticed Menkaure
  7850 | D:6      | Killed Menkaure
  8211 | D:6      | Found a runed translucent door.
  8260 | D:6      | Found a roughly hewn altar of Beogh.
  8424 | D:10     | Entered Level 10 of the Dungeon
  8428 | D:10     | Reached skill level 10 in Fighting
  8434 | D:10     | Got a pair of crude boots
  8440 | D:10     | Identified the +5 pair of boots "Paoczec" {rC- rCorr Str+6}
                  | (You found it on level 10 of the Dungeon)
  8520 | D:10     | Found a staircase to the Orcish Mines.
  8545 | D:10     | Reached skill level 10 in Armour
  8552 | D:10     | Cast into level 2 of the Abyss (gnoll sergeant)
  8647 | Abyss:2  | Noticed a shining eye
  8649 | Abyss:2  | Noticed a wretched star
  8651 | Abyss:2  | Gained mutation: You do not regenerate when monsters are
                  | visible. [a shining eye]
  8653 | Abyss:2  | Gained mutation: You occasionally shout uncontrollably at
                  | your foes. [a shining eye]
  8657 | Abyss:2  | Gained mutation: Armour fits poorly on your strangely
                  | shaped body. [a shining eye]
  8659 | Abyss:2  | Killed a shining eye
  8665 | Abyss:2  | Killed a wretched star
  8690 | Abyss:2  | Noticed a wretched star
  8700 | Abyss:2  | Received a gift from Trog
  8703 | D:10     | Escaped the Abyss
  8814 | D:10     | Killed a wretched star
  8814 | D:10     | Reached XP level 12. HP: 32/55 MP: 8/8
  8898 | D:10     | Noticed a two-headed ogre
  8902 | D:10     | Killed a two-headed ogre
  9268 | D:10     | Got a pair of polished gloves
  9274 | D:10     | Identified the +2 pair of gloves "Rijuppuaq" {rN+} (You
                  | found it on level 10 of the Dungeon)
  9852 | D:10     | Found a portal to a secret trove of treasure.
 10027 | Lair:1   | Entered Level 1 of the Lair of Beasts
 10384 | Lair:1   | Found a shimmering altar of Xom.
 10852 | Lair:1   | Reached skill level 10 in Axes
 11021 | Lair:2   | Received a gift from Trog
 11217 | Lair:2   | Noticed a death yak
 11222 | Lair:2   | Noticed a death yak
 11222 | Lair:2   | Noticed a death yak
 11223 | Lair:2   | Noticed a death yak
 11224 | Lair:2   | Noticed a death yak
 11229 | Lair:2   | Killed a death yak
 11231 | Lair:2   | Reached XP level 13. HP: 64/86 MP: 4/13
 12105 | Lair:3   | Found a blossoming altar of Fedhas.
 12441 | Lair:3   | Found a staircase to the Swamp.
 12851 | Swamp:1  | Entered Level 1 of the Swamp
 12898 | Lair:4   | Noticed Nessos
 12904 | Lair:4   | Killed Nessos
 13027 | Lair:4   | Found a hole to the Spider Nest.
 13086 | Lair:4   | Reached skill level 10 in Dodging
 14184 | Lair:5   | Gained mutation: Your large and strong wings let you fly
                  | indefinitely. [Gargoyle growth]
 14184 | Lair:5   | Reached XP level 14. HP: 85/94 MP: 14/14
 15550 | Lair:6   | Entered Level 6 of the Lair of Beasts
 15550 | Lair:6   | Found a frozen archway.
 15565 | Lair:5   | Received a gift from Trog
 16245 | Lair:6   | Found a staircase to the Slime Pits.
 16539 | Lair:6   | Found a burning altar of Makhleb.
 16555 | Lair:6   | HP: 2/95 [ice devil (13)]
 16961 | Lair:6   | Found a gateway to Hell.
 16973 | Hell     | Entered the Vestibule of Hell
 16973 | Hell     | Noticed Geryon
 17306 | Orc:1    | Entered Level 1 of the Orcish Mines
 17397 | D:11     | Noticed Urug
 17409 | D:11     | Killed Urug
 17717 | D:11     | You are sucked into a shaft for 3 floors!
 17746 | D:14     | Received a gift from Trog
 17785 | D:14     | Reached XP level 15. HP: 52/100 MP: 15/15
 18185 | D:14     | Found a gate to the Vaults.
 18449 | D:14     | Paralysed by a wizard for 7 turns
 18980 | D:15     | Entered Level 15 of the Dungeon
 19405 | D:15     | Got a fine scale mail
 19416 | D:15     | Identified the +1 scale mail of Compaor {MR++ Regen+} (You
                  | found it on level 15 of the Dungeon)
 19696 | D:15     | Found a staircase to the Depths.
 19713 | D:15     | Received a gift from Trog
 20078 | D:15     | Reached skill level 15 in Fighting
 20853 | D:13     | Noticed Frances
 20857 | D:13     | Reached skill level 15 in Armour
 20868 | D:13     | Killed from afar by Frances

Skill      XL: |  1  2  3  4  5  6  7  8  9 10 11 12 13 14 15 |
---------------+----------------------------------------------+-----
Axes           | 3 4 5 6 8 9 10 11 12 13 | 13.0
Dodging        | 2 3 4 6 7 8 9 10 11 | 11.9
Armour         | 3 4 5 6 7 9 10 11 13 14 15 | 15.0
Fighting       | 4 5 7 8 9 10 12 13 14 15 | 15.1

Action                   |  1- 3 |  4- 6 |  7- 9 | 10-12 | 13-15 || total
-------------------------+-------+-------+-------+-------+-------++-------
Melee: Hand axe          |    73 |   161 |   238 |   146 |       ||   618
       Battleaxe         |       |       |       |   501 |   707 ||  1208
       Executioner's axe |       |       |       |     5 |       ||     5
Invok: Berserk           |     1 |     1 |     7 |     6 |    11 ||    26
       Trog's Hand       |       |     1 |       |     7 |     2 ||    10
       Brothers in Arms  |       |       |       |       |     6 ||     6
 Abil: Fly               |       |       |       |       |     1 ||     1
  Use: Scroll            |       |       |       |    33 |     8 ||    41
       Potion            |       |       |       |     1 |     6 ||     7
 Stab: Paralysed         |       |       |       |     1 |       ||     1
  Eat: Chunk             |       |     7 |    10 |    31 |    34 ||    82
       Ration            |       |       |     1 |     1 |     3 ||     5
Armor: Animal skin       |    38 |    29 |       |       |       ||    67
       Chain mail        |       |    41 |   166 |   151 |       ||   358
       Plate armour      |       |       |       |   491 |   573 ||  1064
       Scale mail        |       |       |       |       |     6 ||     6
Dodge: Dodged            |    61 |   101 |   123 |   640 |   644 ||  1569
